← All builds
Front / Cortex / Economy first / OBSERVED BUILD

Standard front

Cortex Front build order · Supreme Isthmus

Standard economy-first Front play: Bot Lab immediately, Advanced Metal Extractor around 9:23, then a mixed Thug/Grunt/Aggravator army sent up to defend the wider gap and move to middle as a line.

#eco #team support · 451 distinct matches · 138 players · 65% of Cortex Front games · team won 51% of 468 · Recently observed

HOW TO PLAY IT

Key timing: Bot Lab by 0:40

  1. Open 2 mex into early Bot Lab.
  2. Finish Bot Lab and start Thug, Grunt, Aggravator mix.
  3. Send first units to coast to stop leaks, not straight to mid.
  4. Transition into Advanced Metal Extractor as eco scales.
  5. Move units up as a line toward middle to hold the wider gap.

Phase by phase

TYPICAL OF ITS 451 GAMES
  1. 1
  2. 2
  3. 3
PLAY THE OPENING

Follow the example game's first 6:00 step by step: what to build now, what comes next, and where it goes. At 1× it keeps pace with your own game.

  1. 1

    Up to the Bot Lab

    Economy
    • Metal Extractor2Mex
    Order
    1. Bot LabBot Lab after 2 mexdone ~0:40, middle half 0:34–0:46

    Some games also: wind (41%)

    By 0:23 in all: 2 mex

    The example game in this phase · 2 steps
    1. Mex ×2
    2. Bot LabBot Labdone 0:34 · typical 0:40
  2. 2

    Bot Lab to 5:00

    Economy
    • Metal Extractor4Mex
    • Wind Turbine4Wind
    Builders
    • Construction Bot3 Con bot
    • Graverobber2 Graverobber
    Army
    • Guard2 Guard
    • Thug9 Thug
    • Aggravator5 Aggravator
    • Grunt4 Grunt

    Some games also: con turret (45%) · Radar Tower (34%)

    By 5:00 in all: 6 mex · 5 wind

    The example game in this phase · 24 steps
    1. Wind
    2. GraverobberGraverobber
    3. Wind
    4. GruntGrunt ×5
    5. Construction BotCon bot
    6. Con turret
    7. Mex
    8. GraverobberGraverobber
    9. ThugThug
    10. Mex
    11. ThugThug ×2
    12. Mex
    13. ThugThug ×3
    14. Mex
    15. GuardGuard
    16. Mex
    17. ThugThug ×2
    18. Mex
    19. GuardGuard
    20. ThugThug ×2
    21. Con turret
    22. ThugThug ×2
    23. GuardGuard
    24. ThugThug ×3
  3. 3

    5:00 to 10:00

    Economy
    • Metal Extractor1Mex
    • Wind Turbine17Wind
    Builders
    • Construction Turret2 Con turret
    • Graverobber2 Graverobber
    • Construction Bot1 Con bot
    Army
    • Guard1 Guard
    • Grunt8 Grunt
    • Thug4 Thug
    • Aggravator1 Aggravator

    Some games also: Radar Tower (43%) · energy storage (36%) · converter (36%) · Twin Guard (33%) · eat Bot Lab (37%)

    By 10:00 in all: 7 mex · 24 wind · 3 con turret

    The example game in this phase · 107 steps
    1. ThugThug
    2. Con turret
    3. ThugThug ×3
    4. Wind ×3
    5. GraverobberGraverobber
    6. Wind
    7. ThugThug
    8. Converter ×2
    9. ThugThug
    10. Wind
    11. ThugThug
    12. Wind
    13. ThugThug
    14. Wind ×2
    15. ThugThug
    16. Mex
    17. Wind ×3
    18. ThugThug
    19. Wind
    20. ThugThug
    21. Converter
    22. ThugThug
    23. Converter
    24. Wind
    25. ThugThug
    26. Wind ×2
    27. ThugThug
    28. Wind
    29. ThugThug
    30. Wind ×3
    31. ThugThug
    32. Converter
    33. ThugThug
    34. Converter
    35. Wind
    36. ThugThug
    37. Wind
    38. ThugThug
    39. Wind ×2
    40. ThugThug
    41. Wind ×2
    42. ThugThug
    43. Wind
    44. ThugThug
    45. Wind
    46. Converter
    47. ThugThug
    48. Converter
    49. ThugThug
    50. Wind ×2
    51. ThugThug
    52. Wind
    53. GuardGuard
    54. ThugThug
    55. Wind ×2
    56. ThugThug
    57. GuardGuard
    58. Wind ×2
    59. ThugThug
    60. Wind
    61. GruntGrunt
    62. Converter
    63. GruntGrunt
    64. Converter
    65. Wind ×8
    66. Converter ×2
    67. Wind ×8
    68. Converter
    69. Mex
    70. Converter
    71. Wind ×7
    72. Converter ×2
    73. Mex
    74. Bot LabBot Labdone 12:58
    75. Mex ×2
    76. Wind
    77. GruntGrunt
    78. Wind
    79. GruntGrunt ×3
    80. Advanced Metal ExtractorT2 mexdone 13:52 · typical 9:23
    81. Wind
    82. Mex
    83. Wind
    84. GruntGrunt ×2
    85. Wind ×2
    86. Advanced Metal ExtractorT2 mex
    87. GruntGrunt
    88. Wind ×2
    89. Mex
    90. GruntGrunt
    91. Converter ×2
    92. GruntGrunt
    93. Wind
    94. GruntGrunt
    95. Wind ×2
    96. GruntGrunt
    97. Wind
    98. GruntGrunt
    99. Wind
    100. GruntGrunt
    101. Wind
    102. Advanced Metal ExtractorT2 mex
    103. Wind
    104. GruntGrunt
    105. Wind
    106. Construction BotCon bot
    107. Converter

Counts are medians over the build's games: half of them build more, half fewer. The example game is [NWP]Bertus9912's (32 OS, 08/10/2026); pick another.

Team trades

IN AT LEAST 30% OF ITS GAMES

You hand over

Nothing regular.

You get

  • Tidal Generator4 Tidal from Pondfirst at 0:17 · in 65% of games
  • Advanced Construction Bot1 T2 con bot from Geo or Techfirst at 7:46 · in 62% of games

How it plays out

Typical game of this build, running totals by minute

Metal produced

010k20k30k
0:005:0010:0015:00

metal

Enemy metal destroyed

02.5k5k7.5k
0:005:0010:0015:00

metal

Own metal lost

05k10k
0:005:0010:0015:00

metal

468 games.

Show as table
ByMetal produced: This buildEnemy metal destroyed: This buildOwn metal lost: This build
1:0033100
2:0085600
3:00162710486
4:002711389341
5:003853921839
6:00510915891556
7:00639523722474
8:00772631253385
9:00915138374291
10:001079845385079
11:001264252055987
12:001450856906925
13:001681462067630
14:001896966638539
15:002063272579305
WHAT THE NUMBERS SAY

Standard front play wins less than half its games, with losses slightly outpacing kills through the first 15 minutes.

  • + Kills reach 7200 by 15:00 despite the safer starting position.
  • + T2 constructor reached in 85% of games, solid tech follow-through.
  • − Team wins under half of games (45%), the weakest shown here.
  • − Own metal lost (9484) exceeds enemy metal destroyed (7200) by 15:00.
THE EXAMPLE YOU ARE READING

[NWP]Bertus9912

31.9 OS · 08/10/2026

Open source match ↗

16 received units · includes a constructor
166 metal received · 25593 energy received

Allied construction assistance is unknown. Timings are observations, not a promise of solo reproducibility.

Typical milestones

Bot Lab0:40Middle 50%: 0:34–0:46 · n=454
Advanced Metal Extractor9:23Middle 50%: 8:19–10:45 · n=343

Played most by

iLike2Eco31games of this buildTheGeneraI27games of this buildSauceDispenser27games of this buildwatermeloans19games of this buildEl_Turco15games of this build